Map: Galactic Process LE

Players

Zeal - Winner!

  • Race: Protoss Protoss
  • League: Grandmaster

Towelie

  • Race: Zerg Zerg
  • League: Grandmaster

Event: Clash of the Clanless

VOD

Have the link to the VOD?

Description

Time

  • Played on: Aug. 20, 2016, 1:35 p.m.
  • Length: 14:36

All games in this series

Show
View Real Time Build Order
Export as new Build Order

Zeal Protoss - Winner!

Build Orders:  

Get SALT Encoding   

  12  0:01  Probe (Chrono Boost)  
  13  0:11  Probe (Chrono Boost)  
  14  0:20  Pylon  
  14  0:22  Probe (Chrono Boost)  
  15  0:38  Probe (Chrono Boost)  
  15  0:42  Gateway  
  16  0:49  Probe (Chrono Boost)  
  17  0:52  Assimilator  
  17  0:59  Probe (Chrono Boost)  
  18  1:10  Probe (Chrono Boost)  
  19  1:22  Probe (Chrono Boost)  
  19  1:25  Pylon  
  20  1:28  Zealot  
  20  1:29  Cybernetics Core  
  22  1:33  Probe (Chrono Boost)  
  24  1:47  Probe (Chrono Boost)  
  24  1:52  Zealot  
  26  2:07  Nexus  
  28  2:16  Mothership Core (Chrono Boost)  
  27  2:25  Warp Gate  
  27  2:30  Assimilator  
  27  2:32  Pylon  
  27  2:34  Probe (Chrono Boost)  
  25  2:45  Probe (Chrono Boost), Adept  
  26  2:54  Pylon  
  27  3:00  Probe (Chrono Boost)  
  27  3:10  Adept  
  29  3:14  Probe (Chrono Boost)  
  30  3:22  Stargate  
  30  3:23  Probe (Chrono Boost)  
  30  3:25  Probe (Chrono Boost)  
  32  3:33  Probe (Chrono Boost)  
  33  3:35  Probe (Chrono Boost)  
  34  3:44  Probe (Chrono Boost)  
  34  3:46  Probe (Chrono Boost)  
  36  3:54  Probe (Chrono Boost)  
  37  3:56  Probe (Chrono Boost)  
  37  4:02  Oracle  
  38  4:04  Nexus  
  38  4:05  Probe (Chrono Boost)  
  38  4:09  Probe (Chrono Boost)  
  43  4:15  Probe (Chrono Boost)  
  44  4:21  Probe (Chrono Boost)  
  44  4:22  Gateway  
  44  4:23  Gateway  
  45  4:29  Probe (Chrono Boost)  
  47  4:33  Probe (Chrono Boost), Oracle  
  50  4:40  Probe (Chrono Boost)  
  50  4:44  Pylon  
  50  4:45  Probe (Chrono Boost)  
  52  4:46  Stalker  
  52  4:51  Probe (Chrono Boost)  
  55  4:57  Probe (Chrono Boost)  
  56  5:02  Probe (Chrono Boost)  
  56  5:05  Pylon  
  57  5:09  Probe (Chrono Boost)  
  58  5:15  Probe (Chrono Boost)  
  58  5:18  Forge  
  58  5:19  Twilight Council  
  58  5:20  Assimilator  
  58  5:21  Probe x2 (Chrono Boost)  
  61  5:22  Assimilator  
  61  5:26  Probe (Chrono Boost)  
  62  5:31  Probe (Chrono Boost)  
  62  5:32  Probe (Chrono Boost)  
  64  5:36  Probe (Chrono Boost)  
  64  5:39  Sentry x3  
  64  5:42  Probe (Chrono Boost)  
  72  5:43  Probe (Chrono Boost)  
  72  5:46  Protoss Ground Weapons Level 1  
  72  5:47  Probe (Chrono Boost)  
  72  5:48  Pylon  
  74  5:52  Probe (Chrono Boost)  
  76  5:57  Blink, Probe (Chrono Boost)  
  76  5:58  Probe (Chrono Boost)  
  76  6:03  Probe (Chrono Boost)  
  78  6:07  Gateway x2  
  78  6:09  Probe (Chrono Boost), Gateway  
  78  6:10  Probe (Chrono Boost)  
  80  6:14  Probe (Chrono Boost)  
  80  6:15  Gateway  
  80  6:17  Gateway  
  81  6:21  Probe (Chrono Boost)  
  81  6:23  Probe (Chrono Boost)  
  81  6:24  Probe (Chrono Boost)  
  84  6:26  Pylon  
  84  6:29  Robotics Facility  
  85  6:33  Probe (Chrono Boost)  
  85  6:36  Probe (Chrono Boost)  
  85  6:38  Probe (Chrono Boost), Assimilator  
  87  6:42  Assimilator  
  87  6:45  Probe (Chrono Boost), Sentry x2  
  87  6:46  Pylon  
  92  6:47  Zealot, Pylon  
  94  7:12  Warp Prism  
  94  7:14  Stalker x4  
  94  7:15  Stalker x4  
  112  7:23  Nexus  
  112  7:25  Pylon  
  112  7:27  Pylon  
  112  7:46  Stalker x8  
  112  7:50  Observer  
  129  8:00  Protoss Ground Weapons Level 2  
  129  8:02  Pylon  
  129  8:03  Pylon  
  129  8:05  Pylon  
  129  8:06  Resonating Glaives  
  126  8:14  Stalker x3  
  126  8:17  Pylon  
  132  8:20  Stalker x3  
  132  8:24  Photon Cannon  
  138  8:34  Immortal  
  142  8:44  Templar Archives  
  142  8:58  Probe (Chrono Boost)  
  142  8:59  Adept x4  
  142  9:00  Adept x4  
  156  9:18  Immortal  
  156  9:22  Adept x8  
  168  9:31  Assimilator  
  168  9:33  Assimilator  
  168  9:47  Adept  
  168  9:48  Adept x5  
  180  9:54  Psionic Storm  
  180  10:06  Pylon  
  180  10:08  Pylon  
  180  10:10  Pylon  
  180  10:19  Immortal  
  180  10:24  Photon Cannon  
  180  10:25  High Templar x2  
  180  10:26  High Templar x2  
  192  10:29  Adept x4  
  192  10:31  Archon  
  192  10:33  Archon  
  193  10:42  Probe (Chrono Boost)  
  193  10:44  Probe x3 (Chrono Boost)  
  194  10:51  Gateway  
  194  10:52  Gateway  
  194  10:55  Gateway  
  194  10:56  Probe (Chrono Boost)  
  197  10:57  Probe (Chrono Boost), Gateway  
  197  10:58  Probe (Chrono Boost)  
  197  10:59  Probe (Chrono Boost)  
  166  11:27  Immortal  
  166  11:30  Adept x8  
  170  11:45  Nexus  
  170  11:52  Stalker x12  
  182  12:01  Warp Prism  
  152  12:08  Pylon  
  152  12:18  High Templar x3  
  152  12:19  High Templar  
  152  12:20  High Templar x2, Stalker x2  
  152  12:21  Stalker x3  
  171  12:23  Archon  
  171  12:24  Archon  
  171  12:29  Photon Cannon  
  169  12:30  Archon  
  149  12:40  Stalker  
  149  12:41  Photon Cannon  
  149  12:44  Photon Cannon  
  113  12:55  High Templar  
  113  12:56  High Templar x3  
  118  13:01  Archon x2  
  111  13:18  Stalker x2  
  111  13:19  Stalker  
  117  13:21  Stalker  
  117  13:23  Adept  
  117  13:24  Adept x3  
  109  13:50  High Templar x2  
  109  13:51  Stalker x4  
  115  14:06  Archon, Stalker x3  
Show
View Real Time Build Order
Export as new Build Order

Towelie Zerg 

Build Orders: Pool First 

Get SALT Encoding   

  12  0:01  Drone  
  13  0:10  Extractor  
  12  0:25  Spawning Pool  
  11  0:28  Drone  
  11  0:33  Drone  
  13  0:40  Drone  
  14  0:52  Overlord  
  14  1:13  Zergling x2, Metabolic Boost  
  14  1:14  Zergling x2  
  14  1:16  Zergling x2  
  17  1:24  Zergling x2  
  18  1:35  Zergling x2  
  19  1:47  Zergling x2  
  19  1:51  Hatchery  
  19  1:56  Drone  
  20  2:05  Queen  
  22  2:14  Overlord  
  22  2:33  Drone x2  
  24  2:42  Drone  
  21  2:52  Queen  
  21  2:54  Drone  
  24  3:03  Drone x2  
  24  3:04  Queen  
  28  3:12  Drone  
  29  3:16  Drone x2  
  29  3:17  Overlord  
  31  3:22  Drone  
  32  3:27  Drone x2  
  34  3:37  Drone x2  
  36  3:49  Drone x2  
  36  3:53  Hatchery  
  37  3:57  Drone x2  
  37  3:58  Overlord  
  39  4:03  Drone x2  
  39  4:08  Drone x2  
  43  4:19  Drone x2  
  43  4:21  Overlord  
  45  4:25  Queen  
  45  4:31  Spore Crawler  
  46  4:32  Spore Crawler  
  46  4:38  Spore Crawler, Drone x6  
  46  4:42  Overlord  
  50  4:46  Drone  
  50  4:52  Drone x4  
  55  5:01  Overlord  
  55  5:05  Evolution Chamber, Drone x2  
  55  5:06  Evolution Chamber  
  52  5:19  Drone x2  
  52  5:20  Drone x5  
  60  5:28  Drone  
  60  5:29  Hatchery  
  59  5:37  Overlord x2  
  59  5:38  Zerg Ground Armor Level 1, Zerg Melee Weapons Level 1  
  59  5:40  Drone  
  60  5:44  Drone x3  
  63  5:53  Drone  
  63  5:54  Drone  
  63  5:55  Overlord  
  63  5:56  Overlord x2  
  65  6:05  Lair  
  65  6:07  Drone  
  65  6:08  Drone x3, Extractor  
  65  6:09  Extractor  
  67  6:11  Roach Warren  
  67  6:12  Drone x2  
  67  6:13  Drone x2  
  67  6:15  Drone  
  67  6:16  Drone  
  72  6:19  Extractor  
  71  6:32  Drone x4  
  75  6:34  Extractor  
  75  6:37  Zergling x14  
  75  6:38  Baneling Nest  
  80  6:41  Queen  
  80  6:43  Zergling x2  
  80  6:44  Zergling x8  
  86  6:54  Drone  
  86  6:55  Zergling x2  
  86  6:56  Zergling x4  
  88  7:04  Drone x2  
  88  7:07  Roach x3  
  88  7:08  Roach x2  
  100  7:09  Roach  
  100  7:10  Glial Reconstitution  
  100  7:11  Overlord x2  
  100  7:12  Overlord  
  100  7:14  Overseer  
  102  7:22  Centrifical Hooks  
  102  7:23  Drone  
  102  7:24  Drone x3  
  102  7:27  Extractor  
  102  7:28  Overlord x4  
  105  7:34  Zergling x10  
  110  7:41  Drone  
  111  7:49  Ravager x3  
  111  7:50  Ravager x3  
  111  7:51  Zergling x10  
  117  7:55  Hatchery  
  120  8:00  Zergling x16  
  125  8:16  Zerg Melee Weapons Level 2, Zerg Ground Armor Level 2  
  125  8:18  Baneling x7  
  125  8:20  Spore Crawler, Drone  
  125  8:21  Zergling x4  
  127  8:28  Baneling  
  127  8:29  Baneling x6  
  127  8:30  Zergling x8  
  131  8:35  Zergling x2  
  131  8:36  Zergling x6  
  135  8:46  Zergling x18  
  143  8:59  Zergling x2  
  143  9:00  Zergling x20  
  135  9:20  Zergling x22  
  135  9:23  Baneling x18  
  135  9:24  Baneling  
  135  9:32  Zergling x8  
  135  9:37  Zergling x8  
  143  9:51  Drone  
  143  9:52  Spire  
  142  10:03  Drone  
  142  10:04  Zergling x16  
  142  10:05  Zergling x10  
  156  10:12  Overlord x4  
  146  10:50  Overlord  
  146  11:03  Mutalisk x18  
  180  11:06  Zergling x16  
  180  11:07  Zergling x2  
  180  11:08  Baneling x4  
  180  11:09  Baneling  
  189  11:18  Zergling x8  
  166  11:28  Zergling x22  
  166  11:36  Zergling x8  
  170  11:43  Baneling x18  
  170  11:44  Baneling x3  
  169  11:49  Zergling x12  
  131  12:02  Zergling x18  
  131  12:08  Zergling x10  
  143  12:10  Baneling  
  143  12:11  Baneling x14  
  144  12:15  Zergling x2  
  144  12:16  Zergling x2  
  144  12:18  Zergling x30  
  144  12:19  Zergling x2  
  143  12:38  Zergling x18  
  143  12:39  Zergling x18  
  150  12:54  Zergling x18  
  137  13:07  Zergling x22  
  129  13:15  Baneling x6  
  119  13:24  Mutalisk x9  
  116  13:38  Mutalisk x3  
  112  13:43  Mutalisk  
  65  14:12  Mutalisk  
  65  14:14  Zergling x2  
  65  14:15  Zergling x6  
Tags
 
Add a new tag
Caveats
  • Supply blocks, unpowered buildings, or Contaminate may cause inaccurate times.
  • Supply counts are checked every 10 seconds.